 Dungeon Crawl Stone Soup version 0.30-a0-364-gf6b3ef1049 (webtiles) character file.

Game seed: 3642841041978461558

2585 Colgate the Destroyer (level 9, -1/56 HPs)
             Began as an Octopode Transmuter on Nov 15, 2022.
             Was an Initiate of Hepliaklqana.
             Killed from afar by Dowan (11 damage)
             ... with a stone arrow
             ... on level 6 of the Dungeon.
             The game lasted 00:38:42 (14792 turns).

Colgate the Destroyer (Octopode Transmuter)        Turns: 14792, Time: 00:38:43

Health: -1/56      AC:  1    Str:  6 (7)  XL:     9   Next: 58%
Magic:  4/12       EV: 17    Int: 14 (18) God:    Hepliaklqana [......]
Gold:   400        SH:  0    Dex: 17 (18) Spells: 6/14 levels left

rFire   + . .      SeeInvis .      - Unarmed
rCold   x . .      Faith    .    (no shield)
rNeg    . . .      Spirit   .    (helmet restricted)
rPois   .          Reflect  .    (no amulet)
rElec   .          Harm     .    e - +6 ring of dexterity
rCorr   .          Rampage  .    f - +4 ring of evasion
Will    .....                    t - ring of fire
Stlth   +++.......               (no ring)
HPRegen 0.29/turn                (no ring)
MPRegen 0.13/turn                (no ring)
                                 (no ring)
                                 (no ring)

@: unable to drink
A: almost no armour, amphibious, 8 rings, camouflage 1, gelatinous body 1,
(nimble swimmer 1), tentacles, deterioration 1, dopey 1, low MP 1, screaming 1,
weak 1, inability to drink after injury 2
a: Renounce Religion


You were on level 6 of the Dungeon.
You worshipped Hepliaklqana.
Hepliaklqana was noncommittal.
You visited 2 branches of the dungeon, and saw 8 of its levels.
You also visited: Ossuary.

You collected 400 gold pieces.

Inventory:

Hand Weapons
 a - the +3 hammer of Conflict {pain, Int+4 Dex+6}
   (You found it on level 3 of the Dungeon)

   In the hands of one skilled in necromantic magic, it inflicts extra damage on
   living creatures.
   Int:       It affects your intelligence (+4).
   Dex:       It affects your dexterity (+6).
Missiles
 E - 5 curare-tipped darts
Armour
 b - a +2 hat
 m - a +1 buckler
Jewellery
 e - a +6 ring of dexterity (left tentacle)
 f - a +4 ring of evasion (right tentacle)
 t - a ring of fire (on tentacle)
Wands
 k - a wand of charming (10)
 r - a wand of flame (7)
Scrolls
 d - 4 scrolls of teleportation {@r3}
 h - a scroll of enchant weapon
 i - 2 scrolls of amnesia
 j - a scroll of brand weapon
 v - a scroll of fear
 y - a scroll of blinking {unknown}
 C - a scroll of enchant armour
Potions
 c - 2 potions of cancellation
 g - a potion of heal wounds {@q2}
 s - 3 potions of brilliance
 u - 3 potions of might {@q3}
 w - a potion of attraction {unknown}
 x - a potion of curing {@q1}
 z - a potion of flight {unknown}
 A - a potion of haste {@q4}
 B - a potion of mutation {unknown}
 D - a potion of berserk rage {unknown}


   Skills:
 - Level 3.0 Fighting
 - Level 2.0 Dodging
 - Level 1.0 Stealth
 - Level 4.0 Unarmed Combat
 - Level 3.0 Spellcasting
 + Level 8.4 Conjurations
 - Level 2.0 Transmutations
 - Level 8.0 Fire Magic


You had 6 spell levels left.
You knew the following spells:

 Your Spells              Type           Power      Damage    Failure   Level
b - Wereblood             Tmut           7%         N/A       14%         2
c - Foxfire               Conj/Fire      100%       2x1d9     1%          1
d - Fireball              Conj/Fire      18%        3d9       21%         5

Your spell library contained the following spells:

 Spells                   Type           Power      Damage    Failure   Level
 Beastly Appendage        Tmut           14%        N/A       10%         1
 Stone Arrow              Conj/Erth      26%        3d8       12%         3
 Sandblast                Erth           4%         2d4       22%         1
 Passwall                 Tmut/Erth      3%         N/A       22%         2
 Spider Form              Tmut/Pois      4%         N/A       38%         3
 Gell's Gravitas          Tloc           2%         N/A       54%         3
 Lesser Beckoning         Tloc           4%         N/A       54%         3
 Teleport Other           Tloc           2%         N/A       54%         3
 Starburst                Conj/Fire      18%        6d7       73%         6
 Ice Form                 Ice/Tmut       4%         N/A       80%         4
 Lehudib's Crystal Spear  Conj/Erth      6%         10d3      100%        8
 Animate Armour           Summ/Erth      Unusable   N/A       N/A         4

Dungeon Overview and Level Annotations

Branches:
Dungeon (7/15)             Temple (1/1) D:6         Ossuary (visited)

Altars:
Ashenzari
Cheibriados
Dithmenos
Elyvilon
Gozag
Hepliaklqana
Kikubaaqudgha
Makhleb
Nemelex Xobeh
Okawaru
Qazlal
Ru
Sif Muna
Uskayaw
Vehumet
Wu Jian
Xom
Yredelemnul
The Shining One

Shops:
D:2 [   D:6 :

Annotations:
D:6 Dowan


Innate Abilities, Weirdness & Mutations

You cannot wear most types of armour.
You are amphibious.
You can wear up to eight rings at the same time.
Your skin changes colour to match your surroundings (Stealth+).
Your rubbery body absorbs attacks. (AC +1, EV +1)
((You are camouflaged when in or above water. (Stealth+)))
You have tentacles for arms and can constrict up to eight enemies at once.
Your body sometimes deteriorates upon taking damage.
You are dopey. (Int -2)
Your magical capacity is low. (-10% MP)
You occasionally shout uncontrollably at your foes.
You are weak. (Str -2)
You sometimes lose the ability to drink potions when taking damage.


Message History

Unknown command.
The air fills with toxic fumes!
As you read the scroll labelled LYMEFR ZOOPLU, it crumbles to dust.
It was a scroll of poison.
Your butterfly is engulfed in poison gas.
Your butterfly is poisoned.
You kill your butterfly!
Your butterfly disappears in a burst of colours!
This is a scroll of acquirement!
Something appears before you!
Your butterfly is engulfed in poison gas.
Your butterfly is poisoned.
You kill your butterfly!
Your butterfly disappears in a burst of colours!
Your butterfly is engulfed in poison gas.
Your butterfly is poisoned.
You kill your butterfly!
Your butterfly disappears in a burst of colours!
Your butterfly is engulfed in poison gas.
Your butterfly is poisoned.
You kill your butterfly!
Your butterfly disappears in a burst of colours!
Your butterfly is engulfed in poison gas.
Your butterfly is poisoned.
You kill your butterfly!
Your butterfly disappears in a burst of colours!
Something hits your butterfly.
Your butterfly dies!
Your butterfly disappears in a burst of colours!
You start putting on your armour.
You continue putting on your +2 hat. x2
Dowan breathes, "And she was my only..."
Dowan drinks a potion.
Dowan is healed!
You continue putting on your +2 hat.
Dowan hits you with a +0 dagger.
* * * LOW HITPOINT WARNING * * *
You continue putting on your +2 hat.
Dowan points at you and mumbles some strange words.
The stone arrow hits you!
You feel threatened and lose the ability to drink potions!
You die...

###### ###....#####
##......☼§..# #
##..#####.#### ##
##>.## #...# .##
#..## #§e.# ..##
#..# #@### ...# #..#
#### ...## #..# #.#
....# #..# #.#
....####..## ##.#
...........###.##
...............#####
#...............##.#
#..................#


You could see Dowan (fast).

Vanquished Creatures
  Maggie (D:6)
  Sigmund (D:3)
  Eustachio (D:6)
  A water moccasin (D:6)
  Duvessa (D:6)
  A black bear (D:7)
  An ice beast (D:6)
  An ogre (D:5)
  2 centaurs
  2 phantoms
  Blork the orc (D:6)
  A bullfrog (D:6)
  2 necrophages
  A gnoll sergeant (D:7)
  A howler monkey (D:5)
  3 hounds
  2 jellies
  An orc priest (D:6)
  Crazy Yiuf (D:3)
  3 iguanas
  7 orc wizards
  13 mummies (Ossuary)
  3 gnolls (D:7)
  8 adders
  4 white imps
  An ufetubus (D:6)
  A worm zombie (D:6)
  A worm (D:2)
  3 dart slugs
  14 orcs
  7 ball pythons
  4 endoplasms
  4 giant cockroaches
  8 goblins
  5 hobgoblins
  4 quokkas
  4 bats
  A frilled lizard (D:1)
  4 gnoll skeletons (Ossuary)
  A goblin skeleton (Ossuary)
  7 kobolds
  3 orc skeletons (Ossuary)
  5 rats
  11 rat skeletons (Ossuary)
  A bush (D:5)
152 creatures vanquished.

Vanquished Creatures (others)
  440 foxfires
  3 fungi (D:3)
443 creatures vanquished.

Grand Total: 595 creatures vanquished

Notes
Turn   | Place    | Note
-------+----------+-------------------------------------------
     0 | D:1      | Colgate the Octopode Transmuter began the quest for the
                  | Orb.
     0 | D:1      | Reached XP level 1. HP: 13/13 MP: 3/3
   195 | D:1      | Reached XP level 2. HP: 18/18 MP: 3/5
   217 | D:1      | Learned a level 2 spell: Wereblood
   504 | D:1      | Reached skill level 1 in Stealth
   504 | D:1      | Reached XP level 3. HP: 21/23 MP: 4/6
  1186 | D:2      | Found Pezuy's Antique Armour Shop.
  2066 | D:3      | Noticed Sigmund
  2239 | D:3      | Reached XP level 4. HP: 30/30 MP: 5/7
  2533 | D:3      | Reached skill level 1 in Conjurations
  2745 | D:3      | Found a runed translucent door.
  2746 | D:3      | Noticed Crazy Yiuf
  3108 | D:3      | Found a faded altar of an unknown god.
  3112 | D:3      | Prayed at the altar of an unknown god.
  3112 | D:3      | Became a worshipper of Xom of Chaos
  3192 | D:3      | XOM: butterfly on damage
  3195 | D:3      | Killed Crazy Yiuf
  3196 | D:3      | Reached skill level 1 in Fire Magic
  3196 | D:3      | Reached XP level 5. HP: 26/36 MP: 6/8
  3237 | D:3      | Identified the +3 hammer of Conflict {pain, Int+4 Dex+6}
  3545 | D:4      | XOM: silly message
  3622 | D:4      | XOM: silly message
  3712 | D:4      | Noticed a phantom
  3980 | D:4      | XOM: summons 3 hostile shadow creatures
  4499 | D:4      | XOM: 3-stop teleportation journey
  4963 | D:2      | XOM: give mutation
  4963 | D:2      | Gained mutation: You have hidden genetic defects. [Xom's
                  | mischief]
  5375 | D:2      | XOM: summons 3 hostile demons
  5376 | D:2      | Noticed a neqoxec
  5469 | D:1      | XOM: summons 4 hostile shadow creatures
  5684 | D:5      | Entered Level 5 of the Dungeon
  6075 | D:4      | XOM: torment (19/36 hp)
  6179 | D:4      | XOM: summons 3 hostile demons
  6375 | D:3      | XOM: torment (19/36 hp)
  6470 | D:5      | Reached XP level 6. HP: 10/42 MP: 7/9
  6474 | D:5      | Gained mutation: Your body sometimes deteriorates upon
                  | taking damage. [hidden defects]
  6619 | D:5      | Learned a level 1 spell: Foxfire
  7346 | D:4      | XOM: give mutations
  7346 | D:4      | Gained mutation: You occasionally lose the ability to drink
                  | potions when taking damage. [Xom's mischief]
  7346 | D:4      | Lost mutation: You have hidden genetic defects. [Xom's
                  | mischief]
  7346 | D:4      | Gained mutation: You are weak. (Str -2) [Xom's mischief]
  7346 | D:4      | Gained mutation: You are frail. (-10% HP) [Xom's mischief]
  7709 | D:4      | XOM: stat loss: -1 Int (20/22)
  7834 | D:4      | XOM: draining
  8426 | D:5      | XOM: give mutations
  8426 | D:5      | Gained mutation: Your magical capacity is low. (-10% MP)
                  | [Xom's mischief]
  8426 | D:5      | Lost mutation: You are frail. (-10% HP) [Xom's mischief]
  8426 | D:5      | Gained mutation: Your magical capacity is very low. (-20%
                  | MP) [Xom's mischief]
  8513 | D:5      | XOM: god gift: robe {god gift}
  8600 | D:5      | XOM: divination: detect creatures
  8629 | D:5      | Reached XP level 7. HP: 46/46 MP: 3/8
  9104 | D:5      | XOM: summons 1 hostile shadow creature
  9234 | D:4      | XOM: summons 3 hostile demons
  9251 | D:3      | XOM: give mutation
  9251 | D:3      | Lost mutation: You are weak. (Str -2) [Xom's mischief]
  9836 | D:3      | XOM: give mutations
  9836 | D:3      | Gained mutation: Your body often deteriorates upon taking
                  | damage. [Xom's mischief]
  9836 | D:3      | Gained mutation: You occasionally shout uncontrollably at
                  | your foes. [Xom's mischief]
  9836 | D:3      | Lost mutation: Your magical capacity is very low. (-20% MP)
                  | [Xom's mischief]
 10223 | D:3      | Killed Sigmund
 10358 | D:4      | Reached skill level 5 in Conjurations
 10542 | D:6      | Noticed Eustachio
 10557 | D:6      | Killed Eustachio
 10558 | D:6      | Reached skill level 5 in Fire Magic
 10558 | D:6      | Reached XP level 8. HP: 52/52 MP: 2/9
 10838 | D:6      | Found a sand-covered staircase.
 10991 | D:6      | XOM: cast spell 'Olgreb's Toxic Radiance'
 11007 | D:6      | XOM: 2-stop teleportation journey
 11143 | D:6      | Found Futexaex's Self-Improvement Boutique.
 11147 | Ossuary  | Entered an ossuary
 11408 | Ossuary  | XOM: silly message
 11976 | Ossuary  | XOM: silly message
 12005 | Ossuary  | XOM: silly message
 12008 | Ossuary  | XOM: 4-stop teleportation journey
 12111 | Ossuary  | XOM is BORED!
 12431 | D:6      | Found a staircase to the Ecumenical Temple.
 12437 | Temple   | Entered the Ecumenical Temple
 12441 | Temple   | XOM: god gift: 24 gold pieces
 12699 | D:6      | Noticed Blork the orc
 12784 | D:6      | Noticed Dowan
 12954 | D:6      | Noticed Duvessa
 12986 | D:6      | Noticed Maggie
 13046 | D:6      | Found an opulent altar of Gozag.
 13126 | D:6      | Reached XP level 9. HP: 56/56 MP: 8/12
 13137 | D:6      | Learned a level 5 spell: Fireball
 13183 | D:6      | Killed Maggie
 13533 | D:6      | Killed Blork the orc
 13652 | D:6      | XOM: give mutations
 13652 | D:6      | Gained mutation: You sometimes lose the ability to drink
                  | potions when taking damage. [Xom's mischief]
 13652 | D:6      | Gained mutation: You frequently scream uncontrollably at
                  | your foes. [Xom's mischief]
 13680 | Temple   | Fell from the grace of Xom
 13680 | Temple   | Became a worshipper of Hepliaklqana the Forgotten
 14337 | D:7      | XOM: give mutations
 14337 | D:7      | Gained mutation: You are weak. (Str -2) [Xom's mischief]
 14337 | D:7      | Lost mutation: You frequently scream uncontrollably at your
                  | foes. [Xom's mischief]
 14337 | D:7      | Lost mutation: You occasionally shout uncontrollably at
                  | your foes. [Xom's mischief]
 14337 | D:7      | Gained mutation: You occasionally shout uncontrollably at
                  | your foes. [Xom's mischief]
 14401 | D:7      | XOM: 1-stop teleportation journey
 14557 | D:6      | XOM: give mutations
 14557 | D:6      | Gained mutation: You are dopey. (Int -2) [Xom's mischief]
 14557 | D:6      | Lost mutation: Your body often deteriorates upon taking
                  | damage. [Xom's mischief]
 14756 | D:6      | Killed Duvessa
 14787 | D:6      | Identified a scroll of acquirement
 14787 | D:6      | Acquired a +2 hat
 14792 | D:6      | Killed from afar by Dowan

Illustrated notes

Levels and vault maps discovered:
D:1:      minmay_arrival_arboretum_small, layout_basic
D:2:      layout_basic, serial_shops, shop
D:3:      layout_loops_ring, shapermc_ecumenical_altar_petra,
          minmay_crystal_room, grunt_ministairs_9, uniq_sigmund,
          uniq_crazy_yiuf_cottage
D:4:      layout_rooms, kennysheep_cross_room, kennysheep_generic_room_16
D:5:      layout_layer_cave, minmay_hedge_maze, nrook_uturn,
          hangedman_abyss_or_decor_lesser_grid, minmay_misc_feat_hallway
D:6:      nicolae_BIG_FREAKIN_CUBE, layout_layer_cave, lemuel_tele_altar,
          minmay_temple_entry_ruins, enter_ossuary_3, hex_medium,
          nicolae_shop_self_help, uniq_maggie, uniq_blork_the_orc, uniq_duvessa,
          uniq_eustachio
D:7:      layout_layer_cave, tgw_trog, serial_shops, kennysheep_mini,
          minmay_quadrilaterals
Temple:   bh_familiar_temple

Skill      XL: |  1  2  3  4  5  6  7  8  9 |
---------------+----------------------------+-----
Unarmed Combat | 4 |  4.0
Stealth        | 1 |  1.0
Fighting       | 2 3 |  3.0
Conjurations   | 1 3 5 7 8 |  8.4
Fire Magic     | 1 2 4 5 6 8 |  8.0
Spellcasting   | 3 |  3.0
Dodging        | |  2.0
Transmutations | |  2.0

Action                   |  1- 3 |  4- 6 |  7- 9 || total
-------------------------+-------+-------+-------++-------
Melee: Unarmed           |    59 |    51 |    29 ||   139
       Kick              |    15 |    18 |     5 ||    38
       Constrict         |    19 |    24 |     8 ||    51
       Tentacles         |    15 |    51 |     7 ||    73
       Punch             |     3 |     4 |     5 ||    12
       Mace              |       |   101 |    30 ||   131
 Cast: Beastly Appendage |    29 |    20 |     1 ||    50
       Wereblood         |     1 |     2 |       ||     3
       Foxfire           |       |    16 |   232 ||   248
       Fireball          |       |       |     4 ||     4
  Use: Scroll            |     3 |     2 |    13 ||    18
       Potion            |       |     2 |     3 ||     5
 Stab: Sleeping          |     4 |     5 |       ||     9
Armor: Skin              |     4 |     3 |    80 ||    87
Dodge: Dodged            |    51 |    84 |    69 ||   204
Block: Buckler           |       |    23 |     5 ||    28

Table legend: (Time is in decaauts)
 A = Elapsed time spent in this place.
 B = Non-inter-level travel time spent in this place.
 C = Inter-level travel time spent in this place.
 D = Time resting spent in this place.
 E = Time spent auto-exploring this place.
 F = Levels seen in this place.
 G = Mean time per level.
                   A        B        C        D        E       F      G
               +--------+--------+--------+--------+--------+-----+--------+
         Total |  14857 |  13772 |   1085 |   5170 |   6897 |   9 | 1650.8 |
       Dungeon |  13533 |  12505 |   1028 |   5170 |   5849 |   7 | 1933.3 |
        Temple |    305 |    248 |     57 |      0 |    225 |   1 |  305.0 |
       Ossuary |   1018 |   1018 |      0 |      0 |    823 |   1 | 1018.0 |
               +--------+--------+--------+--------+--------+-----+--------+

Top non-repeatable levels by time:
     D:4: 3149 daAuts
     D:3: 2611 daAuts
     D:6: 2242 daAuts
     D:5: 1928 daAuts
     D:2: 1904 daAuts
     D:1: 1189 daAuts
 Ossuary: 1018 daAuts
     D:7: 508 daAuts
  Temple: 305 daAuts
